 Dungeon Crawl Stone Soup version 0.24-a0-585-g5c5dc1b5cb (webtiles) character file.

Game seed: 17716227279759355783, levelgen mode: deterministic

45 Htamos the Ruffian (level 3, -4/54 HPs)
             Began as a Troll Skald on Sept 7, 2019.
             Killed by divine providence
             ... invoked by an orc priest
              (11 damage)
             ... on level 2 of the Dungeon.
             The game lasted 00:03:43 (687 turns).

Htamos the Ruffian (Troll Skald)                     Turns: 687, Time: 00:03:44

Health: -4/54      AC: 21    Str: 21    XL:     3   Next: 42%
Magic:  4/4        EV:  1    Int: 10    God:
Gold:   57         SH:  0    Dex:  9    Spells: 2/5 levels left

rFire    . . .     SeeInvis .     - Unarmed
rCold    . . .     Gourm    +   (no shield)
rNeg     + + +     Faith    .   (armour currently unavailable)
rPois    +         Spirit   .   (helmet currently unavailable)
rElec    .         Reflect  .   (cloak currently unavailable)
rCorr    .         Harm     .   (gloves unavailable)
MR       .....     Clarity  +   (boots unavailable) Stlth +.........NoTele +
                                (no amulet)
HPRegen  0.58/turn              (no ring)
MPRegen  0.09/turn              (no ring)

@: lethally poisoned (-4 -> -11), tree-form, hasted, very quick
A: large, unfitting armour, rugged brown scales 1, clarity, fast metabolism 3,
gourmand, regeneration 1, strong 1, wild magic 1
a: no special abilities


You were on level 2 of the Dungeon.
You were completely stuffed.
You were a tree.
You visited 1 branch of the dungeon, and saw 2 of its levels.

You collected 57 gold pieces.

Inventory:

Armour
 a - a +0 robe (melded)
Wands
 l - a wand of iceblast (7)
Scrolls
 b - 3 scrolls of remove curse {unknown}
 f - 3 scrolls of teleportation {unknown}
 h - a scroll of blinking {unknown}
 i - 2 scrolls of magic mapping {unknown}
Potions
 j - a potion of cancellation
Comestibles
 c - 4 rations
 d - 7 chunks of flesh


   Skills:
 + Level 2.1 Fighting
 - Level 1.9 Dodging
 + Level 2.5 Unarmed Combat
 + Level 1.5 Spellcasting
 + Level 2.2 Charms


You had 2 spell levels left.
You knew the following spells:

 Your Spells              Type           Power        Failure   Level  Hunger
a - Infusion              Chrm           #...         19%         1    ##.....
b - Song of Slaying       Chrm           #.......     26%         2    ###....

Your spell library contained the following spells:

 Spells                   Type           Power        Failure   Level  Hunger
 Shroud of Golubria       Chrm/Tloc      #.....       38%         2    ###....
 Regeneration             Chrm/Necr      #.........   61%         3    ####...
 Spectral Weapon          Hex/Chrm       #.......     61%         3    ####...


Dungeon Overview and Level Annotations

Branches:
Dungeon (2/15)

Altars:
The Shining One


Innate Abilities, Weirdness & Mutations

You are too large for most types of armour.
((You have claws for hands.))
Your metabolism is lightning-fast.
You like to eat raw meat.
Your natural rate of healing is unusually fast.
((You are covered in fur. (AC +1)))
((You have extremely tough skin. (AC +3)))
(You are partially covered in rugged brown scales. (AC +1, +3% HP))
You possess an exceptional clarity of mind.
Your muscles are strong. (Str +2)
Your spells are a little harder to cast, but a little more powerful.


Message History

You are lethally poisoned!
You hit the orc but do no damage.
* * * LOW HITPOINT WARNING * * *
You feel sick.
The orc priest miscasts a cantrip.
You smack the orc!
You kill the orc!
* * * LOW HITPOINT WARNING * * *
You feel sick.
A worm comes into view.
You barely miss the orc priest.
* * * LOW HITPOINT WARNING * * *
You feel sick.
You smack the orc priest!
The orc priest is almost dead.
* * * LOW HITPOINT WARNING * * *
You feel sick.
The orc priest mumbles some strange prayers to Beogh against you.
Beogh smites you!
You die...

#.# #.#
#.# #.#
#.#
#.#####
#.....#
#####.#
#♣# #o#
# #o#
..$
#.###..♣
#ow.o.♣
#.##...♣
...#
.....
#####
###o


You could see a worm, 2 orc priests and an orc wizard.

Vanquished Creatures
  An adder (D:2)
  A worm (D:2)
  A dart slug (D:1)
  An orc (D:2)
  A giant cockroach (D:1)
  6 goblins (D:1)
  4 hobgoblins
  4 jackals (D:1)
  A quokka (D:2)
  2 frilled lizards (D:1)
  A kobold (D:1)
  5 rats (D:1)
28 creatures vanquished.

Notes
Turn   | Place    | Note
-------+----------+-------------------------------------------
     0 | D:1      | Htamos the Troll Skald began the quest for the Orb.
     0 | D:1      | Reached XP level 1. HP: 19/19 MP: 1/1
    74 | D:1      | Reached XP level 2. HP: 28/28 MP: 3/3
   101 | D:1      | Learned a level 2 spell: Song of Slaying
   549 | D:2      | Reached XP level 3. HP: 35/35 MP: 4/4
   574 | D:2      | Found a glowing golden altar of the Shining One.
   681 | D:2      | Gained mutation: You are partially covered in rugged brown
                  | scales. (AC +1, +3% HP) [potion of mutation]
   681 | D:2      | Gained mutation: You possess an exceptional clarity of
                  | mind. [potion of mutation]
   681 | D:2      | Gained mutation: Your muscles are strong. (Str +2) [potion
                  | of mutation]
   681 | D:2      | Gained mutation: Your spells are a little harder to cast,
                  | but a little more powerful. [potion of mutation]
   687 | D:2      | Killed from afar by an orc priest

Levels and vault maps discovered:
D:1:      dpeg_arrival_signposts, layout_rooms
D:2:      layout_loops_ring, lemuel_coloured_pillars_altar,
          chequers_ecumenical_altar_simple, grunt_ministairs_15, uniq_sigmund

Skill      XL: |  1  2 |
---------------+-------+-----
Fighting       | 2 |  2.1
Dodging        | |  1.9
Unarmed Combat | |  2.5
Spellcasting   | |  1.5
Charms         | |  2.2

Action                   || total
-------------------------++-------
Melee: Unarmed           ||    77
  Use: Potion            ||     4
  Eat: Chunk             ||    12
Armor: Robe              ||    16
Dodge: Dodged            ||    26

Table legend:
 A = Non-vault XP
 B = Vault XP
 C = Vault XP percentage of total XP
 D = Non-vault monster count
 E = Vault monster count
 F = Vault count percentage of total count
                 A         B        C        D         E       F
            +---------+---------+-------+---------+---------+-------
      Total |      65 |       0 |   0.0 |      28 |       0 |   0.0
            +---------+---------+-------+---------+---------+-------
        D:1 |      40 |       0 |   0.0 |      23 |       0 |   0.0
        D:2 |      25 |       0 |   0.0 |       5 |       0 |   0.0
            +---------+---------+-------+---------+---------+-------
